 Dungeon Crawl Stone Soup version 0.30-a0-354-g6b83867211 (webtiles) character file.

Game seed: 15961316385271788726

25625 p00ps00p the Cleaver (level 13, -12/123 HPs)
             Began as a Hill Orc Fighter on Nov 8, 2022.
             Was an Initiate of Gozag.
             Mangled by an orc knight
             ... wielding a +0 bardiche
              (15 damage)
             ... on level 2 of the Orcish Mines.
             The game lasted 00:47:25 (28462 turns).

p00ps00p the Cleaver (Hill Orc Fighter)            Turns: 28462, Time: 00:47:26

Health: -12/123    AC: 23    Str: 26    XL:     13   Next: 20%
Magic:  0/13       EV: 10    Int: 10    God:    Gozag
Gold:   72         SH:  8    Dex: 10    Spells: 12/12 levels left

rFire   . . .      SeeInvis +    z - +5 hand axe "Spider's Nightmare" {protect, Fragile rElec rN+ SInv}
rCold   + . .      Faith    .    c - +1 buckler
rNeg    + . .      Spirit   +    F - +0 scale mail {rC+}
rPois   +          Reflect  .    f - +0 helmet of the Eternal Fruit {rElec rPois rCorr Stlth-}
rElec   +          Harm     .    J - +0 cloak {Will+}
rCorr   +          Rampage  .    u - +0 pair of gloves
Will    ++...                    G - +1 pair of boots
Stlth   ..........               q - amulet of the Duke {Spirit Str+2 Int+2}
HPRegen 0.40/turn                m - ring of willpower
MPRegen 0.13/turn                p - ring of poison resistance

@: about to teleport, under a protective aura, studying Shields
A: no striking features
a: Renounce Religion, Convert to Beogh, Potion Petition, Call Merchant, Bribe
Branch


You were on level 2 of the Orcish Mines.
You worshipped Gozag.
Gozag was noncommittal.
You visited 3 branches of the dungeon, and saw 16 of its levels.
You also visited: Sewer.

You collected 4073 gold pieces.
You spent 2150 gold pieces at shops.
You paid 1851 gold pieces to Gozag.

Inventory:

Hand Weapons
 a - a +0 war axe
 z - the +5 hand axe "Spider's Nightmare" (weapon) {protect, Fragile rElec rN+ SInv}
   (You found it on level 5 of the Dungeon)

   It grants its wielder temporary protection when it strikes (+7 to AC).
   rElec:     It insulates you from electricity.
   rN:        It protects you from negative energy.
   SInv:      It lets you see invisible.
   Fragile:   It will be destroyed if unequipped.
Missiles
 v - 24 poisoned darts (quivered)
 A - 5 silver javelins
 B - 6 javelins
Armour
 c - a +1 buckler (worn)
 f - the +0 helmet of the Eternal Fruit (worn) {rElec rPois rCorr Stlth-}
   (You bought it in a shop on level 8 of the Dungeon)

   rElec:     It insulates you from electricity.
   rPois:     It protects you from poison.
   rCorr:     It protects you from acid and corrosion.
   Stlth:     It makes you less stealthy.
 u - a +0 pair of gloves (worn)
 F - a +0 scale mail of cold resistance (worn)
 G - a +1 pair of boots (worn)
 I - a +1 cloak
 J - a +0 cloak of willpower (worn)
Jewellery
 m - a ring of willpower (left hand)
 n - a ring of wizardry
 p - a ring of poison resistance (right hand)
 q - the amulet of the Duke (around neck) {Spirit Str+2 Int+2}
   (You bought it in a shop on level 9 of the Dungeon)

   [amulet of guardian spirit]

   It causes incoming damage to be divided between your reserves of health and
   magic.
   Str:       It affects your strength (+2).
   Int:       It affects your intelligence (+2).
 H - a ring of ice
Wands
 t - a wand of polymorph (12)
 y - a wand of roots (1)
Scrolls
 b - 5 scrolls of identify
 d - a scroll of butterflies
 e - 4 scrolls of noise
 C - a scroll of immolation
 D - 4 scrolls of amnesia
 E - 2 scrolls of poison
Potions
 h - 3 potions of brilliance
 i - a potion of might
 j - 2 potions of mutation
 k - a potion of ambrosia
 l - 3 potions of attraction
 o - 2 potions of magic
 r - 2 potions of degeneration
 s - a potion of invisibility {unknown}
 w - 2 potions of flight
 x - 2 potions of lignification


   Skills:
 + Level 13.6 Fighting
 + Level 14.4 Axes
 + Level 12.5 Armour
 + Level 12.6 Shields


You had 12 spell levels left.
You didn't know any spells.
Your spell library contained the following spells:

 Spells                   Type           Power      Damage    Failure   Level
 Portal Projectile        Hex/Tloc       0%         N/A       94%         3
 Stone Arrow              Conj/Erth      0%         3d7       94%         3
 Tukima's Dance           Hex            0%         N/A       94%         3
 Animate Armour           Summ/Erth      0%         N/A       100%        4
 Passage of Golubria      Tloc           0%         N/A       100%        4
 Blade Hands              Tmut           0%         N/A       100%        5
 Yara's Violent Unravell  Hex/Tmut       0%         3d3       100%        5
 Haunt                    Necr/Summ      0%         N/A       100%        7
 Infestation              Necr           0%         N/A       100%        8
 Lehudib's Crystal Spear  Conj/Erth      0%         10d2      100%        8
 Animate Dead             Necr           Unusable   N/A       N/A         4

Dungeon Overview and Level Annotations

Branches:
Dungeon (13/15)            Temple (1/1) D:4            Lair (0/5) D:9
    Orc (2/2) D:9             Elf (0/3) Orc:2         Sewer (visited)
 Vaults: D:13-14

Altars:
Ashenzari
Cheibriados
Dithmenos
Elyvilon
Fedhas
Gozag
Hepliaklqana
Kikubaaqudgha
Makhleb
Nemelex Xobeh
Okawaru
Qazlal
Ru
Sif Muna
Trog
Uskayaw
Vehumet
Wu Jian
Xom
Yredelemnul
Zin
The Shining One

Shops:
D:1 :   D:8 [   D:9 =*   Orc:2 !

Annotations:
D:9 3 runed translucent doors, Muataran's ghost, novice TrMo
D:10 3 runed translucent doors, PyroL's ghost, journeyman DjCj
D:11 2 transporters, Iich's ghost, journeyman MiBe; Sonja
D:13 Azrael


Message History

The orc knight hits you with a +0 bardiche.
You hit the orc knight.
The orc knight is almost dead.
The orc knight hits you but does no damage.
The orc knight shouts!
You hit the orc knight but do no damage.
The orc knight is almost dead.
You hit the orc knight but do no damage.
The orc knight is almost dead.
The orc knight hits you with a +0 bardiche!
You barely miss the orc knight.
The orc knight is almost dead.
The orc knight roars a battlecry!
The orc knight goes into a battle-frenzy!
You hit the orc knight but do no damage.
The orc knight is almost dead.
You hit the orc knight but do no damage.
The orc knight is almost dead.
The orc knight hits you with a +0 bardiche.
The orc knight roars a battlecry!
The orc knight goes into a battle-frenzy!
You hear a shout!
You hit the orc knight but do no damage.
The orc knight is almost dead.
The orc knight hits you with a +0 bardiche!
You hit the orc knight but do no damage.
The orc knight is almost dead.
You hit the orc knight.
The orc knight is almost dead.
The orc knight hits you with a +0 bardiche!!
You hit the orc knight.
The orc knight is almost dead.
The orc knight hits you with a +0 bardiche!!!
* * * LOW HITPOINT WARNING * * *
As you read the scroll of teleportation, it crumbles to dust.
You feel strangely unstable. The orc knight barely misses you.
You block the orc knight's attack.
The orc knight hits you from afar with a +0 bardiche!
You die...
Your body crumbles into a pile of gold.

......... #...#.#....#...)...
.........###.......o.###..)...
...............#.#....#.......
#....................###.#....
....#...............###.......
...............o...###........
.o...........o.#..###.........
#........$......####........
#####.......@.....###........
##≈######...........###.#....#
###≈≈≈≈#......[....#.## ##
#...# #≈≈≈≈≈≈#.....#[.#.####
..## ..≈≈≈....##.[....#.## ...
..≈≈≈≈..###........<#
#≈≈≈≈≈≈####...#....## #≈#≈≈≈#
##....##.### #
#≈≈####....##...#


You could see 2 orc knights and an orc priest (strong).

Vanquished Creatures
  Kirke (D:12)
  Nessos (Orc:2)
  Erica (D:10)
  2 two-headed ogres (D:11)
  2 orc high priests
  A deep elf pyromancer (D:12)
  2 orc knights (D:9)
  4 cyclopes
  2 ugly things (D:13)
  A manticore (D:11)
  Maurice (D:11)
  2 gargoyles
  2 komodo dragons
  8 trolls
  A hornet (D:9)
  Sigmund (D:5)
  A wraith (D:9)
  A water elemental (D:11)
  18 yaks
  3 shadows
  5 humans (D:12)
  A hog (D:12)
  A fire elemental (D:13)
  2 steam dragons
  6 wargs
  3 vampire mosquitoes (D:11)
  Edmund (D:3)
  A water moccasin (D:5)
  3 acid dragons
  A hell hound (D:13)
  23 orc warriors
  A sky beast (D:7)
  6 ogres
  3 phantoms
  8 centaurs
  6 kobold brigands
  6 bullfrogs
  4 scorpions
  2 necrophages
  22 wights
  6 killer bees (D:9)
  3 howler monkeys
  An electric eel (D:11)
  23 orc priests
  2 gnoll boudas
  7 hounds
  Crazy Yiuf (D:3)
  Jessica (D:3)
  4 iguanas
  20 orc wizards
  Terence (D:2)
  10 adders
  10 gnolls
  6 river rats (Sewer)
  A shadow imp (D:4)
  A white imp (D:5)
  2 ufetubi
  5 worms
  3 dart slugs
  67 orcs
  6 endoplasms
  4 giant cockroaches
  9 goblins
  9 hobgoblins
  15 jackals
  2 quokkas
  11 ball pythons
  7 bats
  9 frilled lizards
  33 kobolds
  9 rats
  A butterfly (D:4)
449 creatures vanquished.

Vanquished Creatures (collateral kills)
  A kobold (D:3)
1 creature vanquished.

Vanquished Creatures (others)
  5 fungi (D:9)
  13 plants
18 creatures vanquished.

Grand Total: 468 creatures vanquished

Notes
Turn   | Place    | Note
-------+----------+-------------------------------------------
     0 | D:1      | p00ps00p the Hill Orc Fighter began the quest for the Orb.
     0 | D:1      | Reached XP level 1. HP: 19/19 MP: 1/1
    21 | D:1      | Reached skill level 3 in Axes
    21 | D:1      | Reached XP level 2. HP: 17/27 MP: 2/2
   250 | D:1      | Reached XP level 3. HP: 33/33 MP: 3/3
   619 | D:1      | Found Miymots's Book Shop.
  1204 | D:2      | Reached XP level 4. HP: 35/41 MP: 4/4
  1274 | D:2      | Noticed Terence
  1283 | D:2      | Killed Terence
  1645 | D:2      | Found a sacrificial altar of Ru.
  1731 | D:2      | Reached skill level 4 in Axes
  1731 | D:2      | Reached XP level 5. HP: 33/47 MP: 5/5
  2063 | D:3      | Noticed a phantom
  2157 | D:3      | Noticed Jessica
  2170 | D:3      | Killed Jessica
  2435 | D:3      | Found a faded altar of an unknown god.
  2447 | D:3      | Killed a phantom
  2448 | D:3      | Reached skill level 5 in Fighting
  2448 | D:3      | Reached XP level 6. HP: 51/56 MP: 6/6
  2791 | D:3      | Found a runed translucent door.
  2792 | D:3      | Noticed Crazy Yiuf
  3015 | D:3      | Killed Crazy Yiuf
  3130 | D:4      | Reached skill level 5 in Axes
  3130 | D:4      | Reached skill level 5 in Armour
  3130 | D:4      | Reached skill level 5 in Shields
  3195 | D:4      | Reached XP level 7. HP: 59/62 MP: 7/7
  3206 | D:4      | Noticed Edmund
  3369 | D:3      | HP: 3/62 [Edmund/+1 dire flail of holy wrath (7)]
  3374 | D:3      | Killed Edmund
  4183 | D:4      | Reached skill level 6 in Axes
  4246 | D:4      | Found a staircase to the Ecumenical Temple.
  4291 | Temple   | Entered the Ecumenical Temple
  4489 | Temple   | Became a worshipper of Gozag Ym Sagoz the Greedy
  4659 | D:5      | Entered Level 5 of the Dungeon
  4676 | D:5      | Reached XP level 8. HP: 58/71 MP: 8/8
  4970 | D:5      | Found an iron altar of Okawaru.
  5298 | D:5      | Noticed Sigmund
  5307 | D:5      | Killed Sigmund
  5308 | D:5      | Reached skill level 7 in Axes
  5627 | D:5      | Reached XP level 9. HP: 78/79 MP: 9/9
  5677 | D:5      | Identified the +5 hand axe "Spider's Nightmare" {protect,
                  | Fragile rElec rN+ SInv}
  5994 | D:6      | Found a glowing drain.
  6005 | Sewer    | Entered a sewer
  6657 | Sewer    | Reached skill level 8 in Axes
  7897 | D:7      | Found a hide-covered altar of Uskayaw.
  8245 | D:7      | You fall into a shaft and drop 3 floors!
  8245 | D:10     | Entered Level 10 of the Dungeon
  8280 | D:10     | Noticed a gargoyle
  8298 | D:10     | Killed a gargoyle
  8299 | D:10     | Reached skill level 9 in Axes
  9299 | D:8      | Reached XP level 10. HP: 74/91 MP: 10/10
 10213 | D:8      | Found a sparkling altar of Nemelex Xobeh.
 10515 | D:8      | Found an ornate altar of the Wu Jian Council.
 10656 | D:9      | Paralysed by a hornet for 3 turns
 10666 | D:9      | Reached skill level 10 in Axes
 11271 | D:9      | Found a staircase to the Orcish Mines.
 11479 | D:9      | Noticed a gargoyle
 11489 | D:9      | Found a staircase to the Lair.
 12145 | D:8      | Bought the +0 helmet of the Eternal Fruit {rElec rPois
                  | rCorr Stlth-} for 349 gold pieces
 12346 | D:9      | Reached skill level 10 in Fighting
 13501 | D:9      | Killed a gargoyle
 13634 | D:9      | Found a runed translucent gate.
 13634 | D:9      | Found a runed translucent gate.
 13767 | D:9      | Found a runed translucent gate.
 13768 | D:9      | Noticed Muataran's ghost (novice TrMo)
 13784 | D:9      | Found Anot's General Store.
 14120 | Orc:1    | Entered Level 1 of the Orcish Mines
 14120 | Orc:1    | Noticed a cyclops
 14196 | D:10     | Reached skill level 11 in Axes
 14196 | D:10     | Reached XP level 11. HP: 101/101 MP: 11/11
 14332 | D:10     | Found a radiant altar of Vehumet.
 14335 | D:10     | Found a shimmering blue altar of Sif Muna.
 14338 | D:10     | Found a shadowy altar of Dithmenos.
 14339 | D:10     | Found an ancient bone altar of Kikubaaqudgha.
 14339 | D:10     | Found a hazy altar of Hepliaklqana.
 14339 | D:10     | Found a snail-covered altar of Cheibriados.
 14340 | D:10     | Found a basalt altar of Yredelemnul.
 14472 | D:10     | Reached skill level 10 in Shields
 14657 | D:10     | Found a runed translucent gate.
 14657 | D:10     | Found a runed translucent gate.
 14657 | D:10     | Found a runed translucent gate.
 14660 | D:10     | Noticed PyroL's ghost (journeyman DjCj)
 14660 | D:10     | Noticed a 12-headed hydra
 15005 | D:11     | Noticed Maurice
 15023 | D:11     | Killed Maurice
 15024 | D:11     | Reached skill level 10 in Armour
 15058 | D:11     | Noticed a two-headed ogre
 15127 | D:9      | Killed a cyclops
 15572 | Orc:1    | Noticed an orc knight
 15893 | D:9      | Killed an orc knight
 17025 | Orc:1    | Noticed an orc high priest
 17028 | Orc:1    | Noticed a cyclops
 17375 | D:9      | Killed an orc high priest
 17376 | D:9      | Reached skill level 12 in Axes
 17794 | D:9      | Killed a cyclops
 17918 | Orc:1    | Noticed an orc knight
 18671 | D:9      | Killed an orc knight
 19217 | Orc:2    | Entered Level 2 of the Orcish Mines
 19227 | Orc:2    | Found Gaqe's Distillery.
 19264 | Orc:2    | Noticed Nessos
 20290 | D:11     | Noticed Erica
 20310 | D:10     | Killed Erica
 20311 | D:10     | Reached XP level 12. HP: 93/112 MP: 12/12
 20987 | D:11     | Found a transporter.
 21032 | D:11     | Reached skill level 13 in Axes
 21189 | D:11     | Noticed a two-headed ogre
 21207 | D:11     | Killed a two-headed ogre
 21372 | D:11     | Noticed Sonja
 21553 | D:11     | Killed a two-headed ogre
 22094 | D:11     | Noticed Iich's ghost (journeyman MiBe)
 22102 | D:11     | Found a transporter.
 22363 | D:9      | Bought the amulet of the Duke {Spirit Str+2 Int+2} for 681
                  | gold pieces
 22672 | D:12     | Noticed Kirke
 22698 | D:12     | Killed Kirke
 22887 | D:12     | Noticed an ogre mage
 22887 | D:12     | Noticed a boulder beetle
 22887 | D:12     | Noticed a centaur warrior
 22897 | D:12     | Noticed a rakshasa
 22897 | D:12     | Noticed a tengu warrior
 22918 | D:12     | Identified the +8 spear "Ceomeal" {vorpal, rN++ rCorr
                  | Str+4}
 23821 | D:13     | Reached skill level 14 in Axes
 24155 | D:13     | Noticed Azrael
 24317 | D:13     | Noticed a six-headed hydra
 25155 | Orc:1    | Reached XP level 13. HP: 63/122 MP: 7/13
 26602 | Orc:2    | Killed Nessos
 26774 | Orc:2    | Found a staircase to the Elven Halls.
 28138 | D:1      | Bought a manual of Shields for 1120 gold pieces
 28460 | Orc:2    | HP: 2/123 [orc knight/+0 bardiche (37)]
 28462 | Orc:2    | Mangled by an orc knight

Illustrated notes

Levels and vault maps discovered:
D:1:      lightli_arrival_lavapool, layout_loops_cross, serial_shops,
          nicolae_shop_hallway_plus
D:2:      layout_basic, basic_altar, uniq_terence
D:3:      layout_loops_ring, basic_ecumenical_altar, uniq_crazy_yiuf_cottage,
          uniq_jessica
D:4:      layout_rooms, minmay_temple_entry_butterflies, minivault_25,
          minmay_bisected, uniq_edmund
D:5:      minmay_recursive_quarters, layout_basic, old_standard_altar,
          uniq_sigmund
D:6:      layout_basic, cheibrodos_sewer_entry_sluice
D:7:      layout_basic, nicolae_uskayaw_murder_on_the_dancefloor
D:8:      layout_loops_ring, lemuel_doored_altar, general_overflow_altar
D:9:      layout_basic, dpeg_oklobed_lair, david_orc_3, serial_shops,
          nicolae_shop_temple_entry_statues_fountains, gammafunk_ghost_spectres,
          chequers_serial_rivers_large_a, hangedman_decor_riveting
D:10:     layout_gridville, minitemple, gammafunk_ghost_hydra_chop
D:11:     layout_small_grid, gammafunk_ghost_stat_death, nicolae_lava_and_water,
          minmay_misc_feat_cross, chequers_jeans, uniq_sonja, uniq_maurice,
          uniq_erica
D:12:     layout_loops_ring, corexii_hall_statues_i, minivault_12, uniq_kirke
D:13:     minmay_blocking_statues, layout_layer_cave, grunt_vaults_entry_tiered,
          minmay_misc_feat_more_columns, nicolae_shop_fire_sale
          [nicolae_sub_dead_trees], uniq_azrael
Temple:   bh_familiar_temple
Orc:1:    minmay_goldmine, layout_diamond_mine, basic_altar, serial_shops,
          nicolae_shop_bloodbath_and_beyond
Orc:2:    st_orc_pillars, layout_caves, serial_shops, shop_statue,
          nicolae_orc_bridge_out, uniq_nessos

Skill      XL: |  1  2  3  4  5  6  7  8  9 10 11 12 |
---------------+-------------------------------------+-----
Axes           | 3 4 5 6 7 9 11 12 14 | 14.4
Fighting       | 4 5 6 7 9 10 11 13 | 13.6
Armour         | 4 5 6 8 9 10 12 | 12.5
Shields        | 4 5 7 8 9 11 12 | 12.6

Action                   |  1- 3 |  4- 6 |  7- 9 | 10-12 | 13-15 || total
-------------------------+-------+-------+-------+-------+-------++-------
Melee: War axe           |   122 |   131 |   179 |       |       ||   432
       Hand axe          |       |       |   228 |   951 |   210 ||  1389
Invok: Call Merchant     |       |       |       |     2 |       ||     2
Evoke: Wand              |       |     2 |     7 |     3 |     2 ||    14
  Use: Scroll            |     7 |     2 |     9 |    12 |     2 ||    32
       Potion            |       |     1 |     5 |     5 |       ||    11
 Stab: Distracted        |       |       |     1 |     1 |     1 ||     3
Armor: Scale mail        |    75 |    68 |   195 |   471 |   112 ||   921
Dodge: Dodged            |    50 |    90 |   167 |   353 |    73 ||   733
Block: Buckler           |    31 |    39 |   136 |   320 |    92 ||   618

Table legend: (Time is in decaauts)
 A = Elapsed time spent in this place.
 B = Non-inter-level travel time spent in this place.
 C = Inter-level travel time spent in this place.
 D = Time resting spent in this place.
 E = Time spent auto-exploring this place.
 F = Levels seen in this place.
 G = Mean time per level.
                   A        B        C        D        E       F      G
               +--------+--------+--------+--------+--------+-----+--------+
         Total |  28481 |  27235 |   1246 |  12348 |   9672 |  17 | 1675.4 |
       Dungeon |  22014 |  20933 |   1081 |   8809 |   8044 |  13 | 1693.4 |
        Temple |    211 |    164 |     47 |      0 |    161 |   1 |  211.0 |
  Orcish Mines |   5007 |   4889 |    118 |   3071 |    893 |   2 | 2503.5 |
         Sewer |   1248 |   1248 |      0 |    468 |    573 |   1 | 1248.0 |
               +--------+--------+--------+--------+--------+-----+--------+

Top non-repeatable levels by time:
     D:9: 5771 daAuts
   Orc:1: 3957 daAuts
     D:8: 2433 daAuts
    D:10: 2045 daAuts
     D:3: 1770 daAuts
    D:11: 1738 daAuts
    D:12: 1621 daAuts
     D:2: 1327 daAuts
   Sewer: 1248 daAuts
     D:5: 1240 daAuts
   Orc:2: 1049 daAuts
     D:1: 897 daAuts
     D:7: 810 daAuts
     D:6: 808 daAuts
    D:13: 779 daAuts
